 Dungeon Crawl Stone Soup version 0.27-a0-1036-g8e1b44f6bd (webtiles) character file.

Game seed: 13028427619299175763

81 harryhousin the Covered (level 4, -3/38 HPs)
             Began as a Gnoll Wanderer on Apr 18, 2021.
             Was a Follower of Nemelex Xobeh.
             Slain by a worm (6 damage)
             ... on level 2 of the Dungeon.
             The game lasted 00:09:31 (2257 turns).

harryhousin the Covered (Gnoll Wanderer)            Turns: 2257, Time: 00:09:31

Health: -3/38      AC: 11    Str:  9    XL:     4   Next: 42%
Magic:  5/5        EV:  4    Int: 15    God:    Nemelex Xobeh [*.....]
Gold:   95         SH:  5    Dex: 11    Spells: 5/5 levels left

rFire    . . .     SeeInvis .   a - +2 falchion
rCold    . . .     Faith    .   (no shield)
rNeg     . . .     Spirit   .   l - +0 chain mail
rPois    .         Reflect  +   (no helmet)
rElec    .         Harm     .   (no cloak)
rCorr    .         Rampage  .   g - +0 pair of gloves
Will     .....                  (no boots)
Stlth    ..........             m - amulet of reflection
HPRegen  0.12/turn              (no ring)
MPRegen  0.09/turn              (no ring)

@: no status effects
A: fangs 1, strong nose, distributed training
a: Renounce Religion, Draw Escape, Draw Destruction, Draw Summoning


You were on level 2 of the Dungeon.
You worshipped Nemelex Xobeh.
Nemelex Xobeh was aware of your devotion.
You visited 1 branch of the dungeon, and saw 2 of its levels.

You collected 95 gold pieces.

Inventory:

Hand Weapons
 a - a +2 falchion (weapon)
Armour
 g - a +0 pair of gloves (worn)
 l - a +0 chain mail (worn)
Jewellery
 m - an amulet of reflection (around neck)
Scrolls
 d - 2 scrolls of teleportation {unknown}
 k - a scroll of identify {unknown}
Potions
 b - 2 potions of lignification
 e - a potion of brilliance {unknown}
 f - a potion of magic {unknown}
 h - a potion of haste {unknown}
 j - a potion of attraction {unknown}


   Skills:
 + Level 4.6 Fighting
 + Level 1.1 Short Blades
 + Level 4.6 Long Blades
 + Level 1.1 Axes
 + Level 1.1 Maces & Flails
 + Level 1.1 Polearms
 + Level 1.1 Staves
 + Level 1.1 Slings
 + Level 1.1 Bows
 + Level 1.1 Crossbows
 + Level 1.1 Throwing
 + Level 6.6 Armour
 + Level 1.1 Dodging
 + Level 4.2 Stealth
 + Level 2.7 Shields
 + Level 1.1 Unarmed Combat
 + Level 1.1 Spellcasting
 + Level 0.9 Conjurations
 + Level 0.9 Hexes
 + Level 0.9 Summonings
 + Level 0.9 Necromancy
 + Level 0.9 Translocations
 + Level 0.9 Transmutations
 + Level 0.9 Fire Magic
 + Level 0.9 Ice Magic
 + Level 0.9 Air Magic
 + Level 0.9 Earth Magic
 + Level 0.9 Poison Magic
 + Level 1.2 Invocations
 + Level 1.1 Evocations


You had 5 spell levels left.
You didn't know any spells.
Your spell library was empty.

Dungeon Overview and Level Annotations

Branches:
Dungeon (2/15)

Altars:
Nemelex Xobeh


Innate Abilities, Weirdness & Mutations

You have very sharp teeth.
Your uncanny sense of smell can sniff out nearby items.
Your experience applies equally to all skills.


Message History

The worm is severely wounded.
The worm bites you.
Your chain mail prevents you from hitting the worm.
The worm is heavily wounded.
The worm bites you but does no damage.
You slash the worm!
The worm is almost dead.
You hit the worm.
You kill the worm!
You hit the worm.
The worm is lightly wounded.
The worm bites you but does no damage.
You barely miss the worm. You bite the worm, but do no damage.
The worm is lightly wounded.
You hit the worm.
The worm is lightly wounded.
The worm bites you.
You hit the worm.
The worm is lightly wounded.
The worm bites you but does no damage.
You hit the worm.
The worm is moderately wounded.
You hit the worm. Your bite misses the worm.
The worm is heavily wounded.
The worm bites you.
You barely miss the worm. You bite the worm, but do no damage.
The worm is heavily wounded.
The worm bites you!
* * * LOW HITPOINT WARNING * * *
You hit the worm.
The worm is severely wounded.
You hit the worm but do no damage.
The worm is severely wounded.
The worm bites you!
* * * LOW HITPOINT WARNING * * *
You hit the worm.
The worm is almost dead.
The worm bites you.
You die...
Your body disappears without a glow.

.......# #..........# .....w.#
#..........# >......#
#..........# ......##
#..........# .......#
#..........# .......#########
##........## ...............#
#..........#
........######.#######..........#
.........# #.w@................
......##.## #########...........
.....###..## #...........
........#..## ##..........
###......#..####### ###.........
###.....#.#.....###........#...
#####.........##......####...
##........#.......# #....
####........#.#.## #)###


You could see a worm.

Vanquished Creatures
  4 adders (D:2)
  A worm (D:2)
  3 dart slugs
  2 endoplasms (D:1)
  2 giant cockroaches (D:1)
  3 goblins
  2 hobgoblins
  3 jackals (D:2)
  4 ball pythons
  4 bats
  3 frilled lizards (D:1)
  A kobold (D:2)
  9 rats (D:1)
41 creatures vanquished.

Notes
Turn   | Place    | Note
-------+----------+-------------------------------------------
     0 | D:1      | harryhousin the Gnoll Wanderer began the quest for the Orb.
     0 | D:1      | harryhousin set off with the following items: a +2
                  | falchion, 2 potions of lignification, a +0 robe, a +0
                  | dagger
     0 | D:1      | Reached XP level 1. HP: 20/20 MP: 1/1
   468 | D:1      | Reached XP level 2. HP: 26/26 MP: 2/2
   658 | D:1      | Found a faded altar of an unknown god.
   671 | D:1      | Became a worshipper of Nemelex Xobeh the Trickster
   671 | D:1      | Reached * piety under Nemelex Xobeh
   671 | D:1      | Received a gift from Nemelex Xobeh
   996 | D:1      | Reached XP level 3. HP: 31/31 MP: 3/3
  1242 | D:2      | Reached skill level 1 in Invocations
  1530 | D:2      | Reached skill level 1 in Short Blades
  1530 | D:2      | Reached skill level 1 in Axes
  1530 | D:2      | Reached skill level 1 in Maces & Flails
  1530 | D:2      | Reached skill level 1 in Polearms
  1530 | D:2      | Reached skill level 1 in Staves
  1530 | D:2      | Reached skill level 1 in Slings
  1530 | D:2      | Reached skill level 1 in Bows
  1530 | D:2      | Reached skill level 1 in Crossbows
  1530 | D:2      | Reached skill level 1 in Throwing
  1530 | D:2      | Reached skill level 1 in Dodging
  1530 | D:2      | Reached skill level 1 in Unarmed Combat
  1530 | D:2      | Reached skill level 1 in Spellcasting
  1530 | D:2      | Reached skill level 1 in Evocations
  1807 | D:2      | Reached XP level 4. HP: 30/38 MP: 5/5
  2257 | D:2      | Slain by a worm

Illustrated notes

Levels and vault maps discovered:
D:1:      dpeg_arrival_simpleton_a, layout_basic,
          ebering_ecumenical_altar_abandoned, columned_hall_lemuel,
          kennysheep_decorative_pillar, minmay_rat_gold_closets
D:2:      layout_rooms, serial_bayou_pond_d, chequers_decorated_corner,
          chequers_serial_rivers_room_a

Skill      XL: |  1  2  3 |
---------------+----------+-----
Invocations    | 1 |  1.2
Short Blades   | 1 |  1.1
Axes           | 1 |  1.1
Maces & Flails | 1 |  1.1
Polearms       | 1 |  1.1
Staves         | 1 |  1.1
Slings         | 1 |  1.1
Bows           | 1 |  1.1
Crossbows      | 1 |  1.1
Throwing       | 1 |  1.1
Dodging        | 1 |  1.1
Unarmed Combat | 1 |  1.1
Spellcasting   | 1 |  1.1
Evocations     | 1 |  1.1
Fighting       | |  4.6
Long Blades    | |  4.6
Armour         | |  6.6
Stealth        | |  4.2
Shields        | |  2.7
Conjurations   | |  0.9
Hexes          | |  0.9
Summonings     | |  0.9
Necromancy     | |  0.9
Translocations | |  0.9
Transmutations | |  0.9
Fire Magic     | |  0.9
Ice Magic      | |  0.9
Air Magic      | |  0.9
Earth Magic    | |  0.9
Poison Magic   | |  0.9

Action                   |  1- 3 |  4- 6 || total
-------------------------+-------+-------++-------
Melee: Falchion          |    84 |    44 ||   128
       Bite              |     2 |     8 ||    10
 Stab: Sleeping          |    11 |       ||    11
Armor: Robe              |    12 |       ||    12
       Leather armour    |    12 |       ||    12
       Chain mail        |       |    20 ||    20
Dodge: Dodged            |    40 |     2 ||    42
Block: Other             |       |     3 ||     3
       Rpst.: Falchion   |    13 |     1 ||    14

Table legend: (Time is in decaauts)
 A = Elapsed time spent in this place.
 B = Non-inter-level travel time spent in this place.
 C = Inter-level travel time spent in this place.
 D = Time resting spent in this place.
 E = Time spent auto-exploring this place.
 F = Levels seen in this place.
 G = Mean time per level.
                   A        B        C        D        E       F      G
               +--------+--------+--------+--------+--------+-----+--------+
         Total |   2266 |   2256 |     10 |    699 |    693 |   2 | 1133.0 |
       Dungeon |   2266 |   2256 |     10 |    699 |    693 |   2 | 1133.0 |
               +--------+--------+--------+--------+--------+-----+--------+

Top non-repeatable levels by time:
     D:1: 1235 daAuts
     D:2: 1031 daAuts
